 Dungeon Crawl Stone Soup version 0.25.0-46-gbd7b0854d2 (webtiles) character file.

Game seed: 3286890996823390350

44184 jazenuke the Tortoise (level 13, 0/125 HPs)
             Began as a Minotaur Berserker on July 15, 2020.
             Was the Champion of Trog.
             Splashed by an acid blob's acid (15 damage)
             ... on level 1 of the Pits of Slime on July 16, 2020.
             The game lasted 03:33:16 (14989 turns).

jazenuke the Tortoise (Minotaur Berserker)         Turns: 14989, Time: 03:33:17

Health: 0/125      AC: 17    Str: 31    XL:     13   Next: 94%
Magic:  19/19      EV: 16    Int:  3    God:    Trog [******]
Gold:   1028       SH:  0    Dex: 15    Spells: 12/12 levels left

rFire    . . .     SeeInvis .   r - +5 great mace (drain)
rCold    + . .     Gourm    .   (shield currently unavailable)
rNeg     . . .     Faith    +   C - +12 chain mail of Saoqo {Harm rC+ MP+9 Dex+4}
rPois    .         Spirit   .   t - +0 hat
rElec    .         Reflect  .   y - +2 cloak
rCorr    .         Harm     +   (no gloves)
MR       .....     Rnd*Rage +   A - +0 pair of boots {Fly}
Stlth    ..........             e - amulet of faith
HPRegen  0.30/turn              E - +6 ring of strength
MPRegen  0.16/turn              v - ring of stealth

@: corroded, berserk cooldown, slowed, very slow
A: retaliatory headbutt, horns 2, iridescent scales 1, berserk 1, dopey 1, low
mp 1
a: Berserk, Trog's Hand, Brothers in Arms, Renounce Religion, Evoke Flight


You were on level 1 of the Pits of Slime.
You worshipped Trog.
Trog was exalted by your worship.
You were hungry.

You visited 3 branches of the dungeon, and saw 15 of its levels.

You collected 1028 gold pieces.

Inventory:

Hand Weapons
 r - a +5 great mace of draining (weapon)
Armour
 t - a +0 hat (worn)
 y - a +2 cloak (worn)
 A - a +0 pair of boots of flying (worn)
 C - the +12 chain mail of Saoqo (worn) {Harm rC+ MP+9 Dex+4}
   (You found it on level 1 of the Lair of Beasts)

   It affects your dexterity (+4).
   It protects you from cold.
   It affects your magic capacity (+9).
   It increases damage dealt and taken.
Jewellery
 e - an amulet of faith (around neck)
 o - an uncursed amulet of the acrobat
 v - a ring of stealth (right hand)
 E - a +6 ring of strength (left hand)
 I - an uncursed ring of flight {unknown}
Wands
 f - a wand of acid (6)
 s - a wand of digging (8)
 x - a wand of flame (25)
 F - a wand of iceblast (11)
Scrolls
 a - 7 scrolls of remove curse
 b - 2 scrolls of teleportation
 g - 5 scrolls of identify
 i - 2 scrolls of blinking
 l - 2 scrolls of enchant armour
 m - 2 scrolls of fear
 n - 2 scrolls of magic mapping
 B - a scroll of holy word
Potions
 d - 5 potions of curing
 h - a potion of might {unknown}
 j - 4 potions of brilliance
 k - 3 potions of heal wounds
 p - a potion of berserk rage
 u - 2 potions of stabbing {unknown}
 w - a potion of magic {unknown}
 z - a potion of flight {unknown}
 D - a potion of ambrosia
 G - a potion of invisibility
Miscellaneous
 q - a phial of floods
Comestibles
 c - 24 rations
 H - 8 chunks of flesh


   Skills:
 + Level 14.4 Fighting
   Level 4.5(10.5) Axes
 * Level 14.2(14.4) Maces & Flails
 * Level 16.1 Armour
 + Level 11.0 Dodging


You had 12 spell levels left.
You didn't know any spells.
Your spell library was empty.

Dungeon Overview and Level Annotations

Branches:
Dungeon (8/15)             Temple (0/1) D:5            Lair (6/6) D:8
 Shoals (0/4) Lair:2       Spider (0/4) Lair:4        Slime (1/5) Lair:5

Altars:
Dithmenos
Kikubaaqudgha
Makhleb
Nemelex Xobeh
Okawaru
Qazlal
Ru
Sif Muna
Trog
Uskayaw
Zin
Jiyva


Innate Abilities, Weirdness & Mutations

You reflexively headbutt those who attack you in melee.
You have a pair of horns on your head.
You are partially covered in iridescent scales. (AC +2)
You tend to lose your temper in combat.
You are dopey. (Int -2)
Your magical capacity is low. (-10% MP)


Message History

You bludgeon the acid blob!! The acid corrodes you!
Your hands burn!
* * * LOW HITPOINT WARNING * * *
The acid blob is heavily wounded.
The acid blob misses you.
You bludgeon the acid blob!! You drain the acid blob!
You feel the power of Trog in you as your rage grows.
You kill the acid blob!
Trog accepts your kill.
Your Dodging skill increases to level 11!
The acid blob quivers.
There is a staircase back to the Lair, spattered with blood here.
You feel a strong urge to attack something.
You are no longer berserk.
Trog's vigour flows through your veins.
You are exhausted.
You feel yourself slow down. The acid blob spits acid at you.
The splash of acid hits you but does no damage.
You are splashed with acid!
You die...

.## ... ...##
#... ......
###.... ......
##.#.....
...#..##........
...............
..##............
.J..............
.......@...#.##.
...#........#
#........#..#
....>..........#
..............##
...............#
..............##
..............#


You could see an acid blob.

Vanquished Creatures
  An acid blob (Slime:1)
  3 azure jellies (Lair:5)
  The ghost of Iskefav the Carver, a journeyman DsAK of Lugonu (Lair:4)
  Harold (D:8)
  A hydra (Lair:6)
  A catoblepas (Lair:5)
  5 death yaks (Lair:5)
  3 lindwurms
  A shining eye (Slime:1)
  14 elephants
  6 black mambas
  A torpor snail (Lair:2)
  7 spiny frogs
  7 komodo dragons
  A demonic crawler (Lair:4)
  5 polar bears (Lair:6)
  3 hornets (Lair:6)
  6 slime creatures
  5 blink frogs (Lair:2)
  5 dream sheep (Lair:6)
  5 hippogriffs
  14 spriggans (Lair:6)
  9 yaks
  2 basilisks (Lair:3)
  A wyvern (Lair:4)
  Edmund (D:4)
  Duvessa (D:6)
  11 water moccasins
  12 porcupines
  An ice beast (D:7)
  An orc warrior (D:6)
  3 black bears (Lair:6)
  A phantom (D:8)
  A sky beast (D:6)
  A necrophage (D:8)
  3 ogres
  25 wolves
  5 boggarts (Lair:6)
  6 centaurs
  15 crocodiles
  12 bullfrogs
  Dowan (D:6)
  5 scorpions
  A howler monkey (D:8)
  3 crimson imps
  A centaur zombie (D:6)
  5 hounds
  A quasit (D:6)
  A bullfrog skeleton (D:8)
  4 orc priests
  A centaur skeleton (D:4)
  3 jellies
  11 orc wizards
  An iguana (D:6)
  11 worker ants
  2 killer bee zombies
  A worker ant zombie (D:8)
  A howler monkey zombie (D:6)
  Robin (D:3)
  2 howler monkey skeletons (D:5)
  13 adders
  2 shadow imps
  3 adder skeletons
  4 worms
  6 dart slugs
  5 leopard geckos
  41 orcs
  8 giant cockroaches
  35 goblins
  13 hobgoblins
  14 jackals
  6 kobolds
  5 quokkas
  7 bats
  9 frilled lizards
  A leopard gecko skeleton (D:6)
  7 rats
  A fungus (Lair:6)
  A plant (Lair:4)
444 creatures vanquished.

Vanquished Creatures (others)
  10 fungi
  14 plants
24 creatures vanquished.

Grand Total: 468 creatures vanquished

Notes
Turn   | Place    | Note
-------+----------+-------------------------------------------
     0 | D:1      | jazenuke the Minotaur Berserker began the quest for the
                  | Orb.
     0 | D:1      | Reached XP level 1. HP: 19/19 MP: 0/0
   175 | D:1      | Reached XP level 2. HP: 27/27 MP: 1/1
   593 | D:1      | Reached XP level 3. HP: 33/33 MP: 2/2
   699 | D:1      | Reached ** piety under Trog
  1047 | D:2      | Reached skill level 3 in Armour
  1055 | D:2      | Reached skill level 5 in Maces & Flails
  1081 | D:2      | Reached XP level 4. HP: 32/40 MP: 3/3
  1225 | D:2      | Found a sacrificial altar of Ru.
  1432 | D:2      | Found a sparkling altar of Nemelex Xobeh.
  1834 | D:3      | Reached *** piety under Trog
  2012 | D:3      | Reached XP level 5. HP: 47/47 MP: 4/4
  2064 | D:3      | Reached skill level 4 in Armour
  2200 | D:3      | Reached skill level 1 in Axes
  2478 | D:3      | Identified the +1 helmet "Bieger" {rPois MP-9 Slay+5
                  | Stlth+}
  2478 | D:3      | Noticed Robin
  2482 | D:3      | Reached **** piety under Trog
  2483 | D:3      | Reached skill level 5 in Fighting
  2491 | D:3      | Killed Robin
  2995 | D:4      | Found an iron altar of Okawaru.
  3004 | D:4      | Reached XP level 6. HP: 52/56 MP: 5/5
  3089 | D:4      | Reached skill level 5 in Armour
  3213 | D:4      | Found a shadowy altar of Dithmenos.
  3424 | D:4      | Found a stormy altar of Qazlal.
  3488 | D:4      | Noticed Edmund
  3498 | D:4      | Killed Edmund
  3498 | D:4      | Reached XP level 7. HP: 63/63 MP: 6/6
  3760 | D:4      | Found a bloodstained altar of Trog.
  3866 | D:5      | Entered Level 5 of the Dungeon
  3965 | D:5      | Reached skill level 6 in Armour
  4073 | D:5      | Reached ***** piety under Trog
  4206 | D:5      | Reached XP level 8. HP: 73/73 MP: 7/7
  4235 | D:5      | Found an ancient bone altar of Kikubaaqudgha.
  4535 | D:5      | Found a staircase to the Ecumenical Temple.
  4636 | D:5      | Received a gift from Trog
  4904 | D:6      | Reached skill level 7 in Armour
  5212 | D:6      | Noticed Duvessa
  5212 | D:6      | Noticed Dowan
  5222 | D:6      | Killed Duvessa
  5226 | D:6      | Killed Dowan
  5226 | D:6      | Reached skill level 5 in Dodging
  5236 | D:6      | Identified a scroll of acquirement
  5236 | D:6      | Acquired a +5 great mace of draining
  5333 | D:6      | Found a hide-covered altar of Uskayaw.
  5346 | D:6      | Reached skill level 8 in Armour
  5762 | D:6      | Reached XP level 9. HP: 82/82 MP: 8/8
  5978 | D:7      | Found a glowing silver altar of Zin.
  6919 | D:8      | Reached skill level 9 in Armour
  7092 | D:8      | Noticed a komodo dragon
  7102 | D:8      | Killed a komodo dragon
  7207 | D:8      | Noticed Harold
  7212 | D:8      | Killed Harold
  7212 | D:8      | Reached skill level 10 in Fighting
  7212 | D:8      | Reached skill level 10 in Armour
  7212 | D:8      | Reached XP level 10. HP: 73/94 MP: 9/9
  7425 | D:8      | Found a shimmering blue altar of Sif Muna.
  7727 | D:8      | Found a staircase to the Lair.
  7736 | Lair:1   | Entered Level 1 of the Lair of Beasts
  7958 | Lair:1   | Noticed a spiny frog
  7964 | Lair:1   | Killed a spiny frog
  8366 | Lair:1   | Got a spiked chain mail
  8367 | Lair:1   | Identified the +12 chain mail of Saoqo {Harm rC+ MP+9
                  | Dex+4} (You found it on level 1 of the Lair of Beasts)
  8665 | Lair:1   | Received a gift from Trog
  8930 | Lair:2   | Reached skill level 11 in Armour
  8968 | Lair:2   | Noticed a spiny frog
  8978 | Lair:2   | Killed a spiny frog
  9005 | Lair:2   | Noticed a spiny frog
  9011 | Lair:2   | Killed a spiny frog
  9047 | Lair:2   | Reached XP level 11. HP: 68/104 MP: 10/10
  9223 | Lair:2   | Found a staircase to the Shoals.
  9409 | Lair:2   | Reached skill level 12 in Armour
  9985 | Lair:3   | Acquired a +6 ring of strength
 10056 | Lair:3   | Gained mutation: You tend to lose your temper in combat.
                  | [potion of mutation]
 10056 | Lair:3   | Gained mutation: You are partially covered in iridescent
                  | scales. (AC +2) [potion of mutation]
 10860 | Lair:4   | Reached skill level 10 in Maces & Flails
 11020 | Lair:4   | Found a hole to the Spider Nest.
 11240 | Lair:4   | Found a runed translucent door.
 11240 | Lair:4   | Noticed Iskefav's ghost (journeyman DsAK)
 11268 | Lair:4   | Killed Iskefav's ghost
 11268 | Lair:4   | Reached skill level 13 in Armour
 12037 | Lair:5   | Noticed a death yak
 12037 | Lair:5   | Noticed a death yak
 12037 | Lair:5   | Noticed a death yak
 12039 | Lair:5   | Noticed a death yak
 12040 | Lair:5   | Noticed a death yak
 12048 | Lair:5   | Killed a death yak
 12048 | Lair:5   | Received a gift from Trog
 12050 | Lair:5   | Killed a death yak
 12050 | Lair:5   | Reached XP level 12. HP: 107/113 MP: 11/11
 12053 | Lair:5   | Killed a death yak
 12058 | Lair:5   | Killed a death yak
 12068 | Lair:5   | Killed a death yak
 12083 | Lair:5   | Got a scorched triple sword {god gift}
 12293 | Lair:5   | Noticed a catoblepas
 12300 | Lair:5   | Reached skill level 14 in Armour
 12305 | Lair:5   | Killed a catoblepas
 12522 | Lair:5   | Found a runed translucent door.
 12522 | Lair:5   | Found a viscous altar of Jiyva.
 12522 | Lair:5   | Noticed an azure jelly
 12523 | Lair:5   | Noticed an azure jelly
 12523 | Lair:5   | Noticed an azure jelly
 12524 | Lair:5   | Found a staircase to the Slime Pits.
 12533 | Lair:5   | Killed an azure jelly
 12541 | Lair:5   | Killed an azure jelly
 12542 | Lair:5   | Killed an azure jelly
 12542 | Lair:5   | Reached skill level 10 in Dodging
 12893 | Lair:5   | Found a burning altar of Makhleb.
 13172 | Slime:1  | Entered Level 1 of the Pits of Slime
 13172 | Slime:1  | Noticed an acid blob
 13175 | Slime:1  | Reached XP level 13. HP: 116/123 MP: 12/12
 13259 | Slime:1  | Gained mutation: Your magical capacity is low. (-10% MP) [a
                  | shining eye]
 13262 | Slime:1  | Noticed an acid blob
 13263 | Slime:1  | Gained mutation: You are dopey. (Int -2) [a shining eye]
 13456 | Lair:6   | Entered Level 6 of the Lair of Beasts
 13490 | Lair:6   | Reached skill level 15 in Armour
 13893 | Lair:6   | Received a gift from Trog
 14567 | Lair:6   | Reached skill level 16 in Armour
 14706 | Lair:6   | Reached ****** piety under Trog
 14802 | Lair:6   | Received a gift from Trog
 14987 | Slime:1  | Killed an acid blob
 14989 | Slime:1  | Splashed by an acid blob's acid

Illustrated notes

Levels and vault maps discovered:
D:1:      dpeg_arrival_simpleton_c, layout_loops_ring
D:2:      layout_basic, nicolae_ru_path_of_blood, nemelex_altar_shiori,
          chequers_serial_rivers_micro_d, grunt_decor_cap
D:3:      kennysheep_goblin_castle, layout_loops_ring, serial_bayou_crossing
D:4:      layout_cave_pools, overflow_temple_1_default, kennysheep_mini,
          nicolae_dithmenos_shadow_blocks, nicolae_qazlal_general_emergency,
          first_ration, minmay_ogre_servants, uniq_edmund
D:5:      minmay_octagon_keep, layout_loops_ring, lemuel_round_altar,
          minmay_temple_entry_slanted
D:6:      layout_loops_ring, old_standard_altar, uniq_duvessa
D:7:      layout_cave_pods, zin_statuary
D:8:      layout_basic, marbit_many_paths, david_lair_shrubbed, uniq_harold
Lair:1:   layout_hall_layers
Lair:2:   layout_hall_layers, elwin_shoals_entry_rocks, beast_lair_carwin_8
Lair:3:   layout_cave_pods, enter_volcano_1, infiniplex_staircase_pool
Lair:4:   layout_cave_pods, nicolae_spider_entry_non_spiders,
          gammafunk_ghost_grave
Lair:5:   layout_loops_ring, slime_altar_2, minivault_24,
          chequers_serial_rivers_micro_e, minmay_hedge_maze,
          lemuel_centaur_altar, grunt_megastairs_2
Lair:6:   minmay_lair_end_enchanted_forest, layout_loops_ring,
          infiniplex_staircase_pool_2
Slime:1:  layout_caves

Skill      XL: |  1  2  3  4  5  6  7  8  9 10 11 12 13 |
---------------+----------------------------------------+-----
Maces & Flails | 4 5 7 8 10 12 14 | 14.2
Fighting       | 4 5 6 7 8 10 11 12 13 14 | 14.4
Armour         | 3 4 5 6 8 10 11 13 14 16 | 16.1
Axes           | 1 2 3 4 |  4.5
Dodging        | 3 4 5 6 7 9 10 11 | 11.0

Action                   |  1- 3 |  4- 6 |  7- 9 | 10-12 | 13-15 || total
-------------------------+-------+-------+-------+-------+-------++-------
Melee: Mace              |    97 |    43 |       |       |       ||   140
       Headbutt          |    11 |    34 |    61 |    64 |    49 ||   219
       Hand axe          |       |   162 |   167 |       |       ||   329
       Great mace        |       |       |   119 |   299 |   189 ||   607
Invok: Berserk           |       |     3 |     3 |     3 |     1 ||    10
       Trog's Hand       |       |       |     2 |       |       ||     2
 Abil: Stop Flying       |       |       |       |     1 |     1 ||     2
       Evoke Flight      |       |       |       |       |     1 ||     1
Evoke: Wand              |       |       |       |     6 |       ||     6
  Use: Scroll            |     3 |    11 |     6 |     7 |     1 ||    28
       Potion            |       |     3 |       |     6 |       ||     9
 Stab: Petrified         |       |       |       |     4 |       ||     4
  Eat: Chunk             |     1 |     9 |    11 |    11 |     3 ||    35
       Ration            |       |       |     2 |     3 |     1 ||     6
Armor: Ring mail         |    45 |    84 |   111 |    15 |       ||   255
       Chain mail        |       |       |       |   178 |   109 ||   287
Dodge: Dodged            |    59 |   153 |   166 |   234 |   123 ||   735
